 Dungeon Sprint DCSS version 0.17-a0-1667-g4ca74a1 (webtiles) character file.

321 Kidiri the Covert (level 6, -1/28 HPs)
             Began as a Spriggan Enchanter on Aug 17, 2015.
             Was an Initiate of Dithmenos.
             Slain by a spatial vortex (4 damage)
             ... in the Dungeon (Sprint III: "The Ten Rune Challenge").
             The game lasted 00:03:56 (985 turns).

Kidiri the Covert (Spriggan Enchanter)               Turns: 985, Time: 00:03:58

Health: -1/28      AC:  4    Str:  6    XL:     6   Next: 22%
Magic:  4/17       EV: 25    Int: 17    God:    Dithmenos [......]
Gold:   18         SH:  0    Dex: 18    Spells: 5 memorised, 8 levels left

rFire  . . .     SeeInvis +     a - +1 dagger
rCold  . . .     Clarity  .     b - +1 robe
rNeg   . . .     SustAt   .     (shield restricted)
rPois  .         Gourm    .     (helmet restricted)
rElec  .         Spirit   .     (no cloak)
rCorr  .         Warding  .     (gloves unavailable)
rMut   .         NoTele   +     (boots unavailable)
MR     ++...                    (no amulet)
Stlth  +++++.....               (no ring)
                                (no ring)

@: very quick, very resistant to hostile enchantments, quite stealthy
A: unfitting armour, horns 1, talons 1, icy blue scales 1, see invisible,
herbivore 3, speed 3, magic resistance 1, slow metabolism 2, spit poison 1,
strong 1
a: Spit Poison, Renounce Religion


You were in the Dungeon.
You worshipped Dithmenos.
Dithmenos was noncommittal.
You were not hungry.

You visited 1 branch You collected 18 gold pieces.

Inventory:

Hand weapons
 a - a +1 dagger (weapon)
Armour
 b - a +1 robe (worn)
Scrolls
 j - a scroll of blinking
 o - 2 scrolls of holy word
Potions
 e - a potion of curing
 f - a potion of heal wounds
 g - a potion of haste
 h - 2 potions of magic
 i - a potion of berserk rage
 s - a potion of cure mutation
 t - 3 potions of flight {unknown}
Comestibles
 d - a bread ration
 r - 3 royal jellies


   Skills:
 + Level 4.5 Short Blades
 * Level 9.1 Dodging
 * Level 10.3 Stealth
 * Level 7.7 Spellcasting
 + Level 2.3 Conjurations
 + Level 6.3 Hexes
 + Level 2.9 Ice Magic
 + Level 0.0 Invocations


You had 8 spell levels left.
You knew the following spells:

 Your Spells              Type           Power        Failure   Level  Hunger
a - Corona                Hex            ####...      1%          1    None
b - Ensorcelled Hibernat  Hex/Ice        ###...       2%          2    None
c - Confuse               Hex            ####....     2%          3    #......
d - Tukima's Dance        Hex            ####....     2%          3    #......
e - Dazzling Spray        Conj/Hex       ###.....     8%          3    #......


Dungeon Overview and Level Annotations

Branches:
Dungeon (1/1)

Altars:
Dithmenos
Gozag
Makhleb
Nemelex Xobeh
Qazlal
Ru
Xom
Jiyva
Lugonu


Innate Abilities, Weirdness & Mutations

You are tiny and cannot use many weapons and most armour.
You have supernaturally acute eyesight.
You are a herbivore.
You cover ground extremely quickly.
You need consume almost no food.
You have a pair of small horns on your head.
You have sharp toenails.
You are partially covered in icy blue scales (AC +1).
You are resistant to hostile enchantments.
You can spit weak poison.
Your muscles are strong. (Str +2)


Message History

The spatial vortex is heavily damaged.
Casting: Dazzling Spray
Confirm with . or Enter, or press ? or * to list all spells.
Aiming: Dazzling Spray
Press: ? - help, Shift-Dir - straight line, f/p - spatial vortex
Aim: a spatial vortex (heavily damaged)
The spray of energy misses the spatial vortex.
The spatial vortex hits you.
Casting: Dazzling Spray
Confirm with . or Enter, or press ? or * to list all spells.
Aiming: Dazzling Spray
Press: ? - help, Shift-Dir - straight line, f/p - spatial vortex
Aim: a spatial vortex (heavily damaged)
The spray of energy hits the spatial vortex.
The spatial vortex is heavily damaged.
The spatial vortex hits you!!
Ouch! That really hurt!
* * * LOW HITPOINT WARNING * * *
Space warps horribly around you!
You die...

#### ##.#***********,* *****
...#####..#___*__,*__*,******,,,+
....#§§#..#,,,*,,,*,_*,,,,,,,,,**
#...#§§#..###+#+###+##,,,,,,,,***
##..##+#..#..........#,,,,,,,,,**
##..###...+.⌠........#,∩,,*,**,**
#..####...#...######'#,*,,,*,****
#..###....#.⌠.#__#...#+**********
[..##.....#...#v@#...#,,,,*,*,*,,
...#......#+###__#...#*,*,,*,**,*
.##.#.....#,,,#__#...+**,*,*,**,*
.#####....#___#_.'...#,,,*,,*,,**
▓▓***▓▓▓▓▓▓***▓▓▓▓▓▓▓▓***********
,≈≈≈≈≈≈**,,,,,****≈≈≈,,,,,,,,≈≈≈,
≈≈≈≈≈≈≈**,≈≈≈≈+**+*≈≈≈≈≈≈≈≈≈≈≈≈**
,≈≈≈≈≈≈≈+,,,,,*,≈****************
≈≈,≈≈≈,********,,** *


You could see a spatial vortex.

Vanquished Creatures
  A shadow (D)
  A water elemental (D)
  A jelly (D)
  Jessica (D)
  A wolf (D)
  A human (D)
  2 oozes (D)
  A rat (D)
9 creatures vanquished.

Vanquished Creatures (others)
  2 draconian scorchers (D)
  A yaktaur (D)
3 creatures vanquished.

Grand Total: 12 creatures vanquished

Notes
Turn   | Place    | Note
--------------------------------------------------------------
     0 | D        | Kidiri the Spriggan Enchanter began the quest for the Orb.
     0 | D        | Reached XP level 1. HP: 9/9 MP: 5/5
     9 | D        | Reached skill level 5 in Stealth
    11 | D        | Reached XP level 2. HP: 13/13 MP: 5/7
    15 | D        | Learned a level 2 spell: Ensorcelled Hibernation
    56 | D        | Noticed Jessica
    60 | D        | Killed Jessica
    60 | D        | Reached skill level 5 in Dodging
    60 | D        | Reached skill level 6 in Stealth
    60 | D        | Reached skill level 1 in Ice Magic
    60 | D        | Reached XP level 3. HP: 16/16 MP: 8/10
    64 | D        | Killed a yaktaur
    72 | D        | Learned a level 3 spell: Confuse
    76 | D        | Learned a level 3 spell: Tukima's Dance
    77 | D        | Noticed a wolf
    88 | D        | Reached skill level 7 in Stealth
    88 | D        | Reached skill level 5 in Spellcasting
   152 | D        | Learned a level 3 spell: Dazzling Spray
   158 | D        | Killed a wolf
   158 | D        | Reached XP level 4. HP: 21/21 MP: 7/12
   165 | D        | Killed a white draconian scorcher
   179 | D        | Gained mutation: You can spit weak poison. [potion of mutation]
   179 | D        | Gained mutation: You have sharp toenails. [potion of mutation]
   179 | D        | Gained mutation: You are resistant to hostile enchantments. [potion of mutation]
   180 | D        | Gained mutation: You are partially covered in icy blue scales (AC +1). [potion of mutation]
   181 | D        | Gained mutation: Your muscles are strong. (Str +2) [potion of mutation]
   181 | D        | Gained mutation: You have a pair of small horns on your head. [potion of mutation]
   246 | D        | Killed a white draconian scorcher
   320 | D        | Noticed a water elemental
   332 | D        | HP: 1/21 [water elemental (20)]
   764 | D        | Killed a water elemental
   764 | D        | Reached skill level 8 in Stealth
   764 | D        | Reached skill level 1 in Conjurations
   764 | D        | Reached skill level 5 in Hexes
   764 | D        | Reached XP level 5. HP: 24/24 MP: 0/14
   964 | D        | Noticed a jelly
   965 | D        | Noticed a shadow
   967 | D        | Killed a shadow
   967 | D        | Reached skill level 10 in Stealth
   967 | D        | Reached XP level 6. HP: 28/28 MP: 14/17
   971 | D        | Killed a jelly
   976 | D        | Found a stormy altar of Qazlal.
   976 | D        | Noticed a spatial vortex
   977 | D        | Found a sacrificial altar of Ru.
   977 | D        | Found a burning altar of Makhleb.
   977 | D        | Found a viscous altar of Jiyva.
   977 | D        | Found a shimmering altar of Xom.
   977 | D        | Found a shadowy altar of Dithmenos.
   977 | D        | Found a sparkling altar of Nemelex Xobeh.
   977 | D        | Found a corrupted altar of Lugonu.
   977 | D        | Found an opulent altar of Gozag.
   981 | D        | Became a worshipper of Dithmenos the Shadowed
   985 | D        | Slain by a spatial vortex

Vault maps used:
D:        dungeon_sprint_mu

Action                   |  1- 3 |  4- 6 || total
-------------------------+-------+-------++-------
Melee: Dagger            |     7 |     7 ||    14
 Cast: Ensorcelled Hiber |     6 |       ||     6
       Dazzling Spray    |       |    10 ||    10
       Confuse           |       |     1 ||     1
  Use: Scroll            |       |     9 ||     9
       Potion            |       |     3 ||     3
 Stab: Sleeping          |     5 |     2 ||     7
